 Dungeon Crawl Stone Soup version 0.31-a0-986-g5e6e4ef867 (webtiles) character file.

Game seed: 2473883828039726796

226 mandarbmax the Cutter (level 6, 0/32 HPs)
             Began as a Vine Stalker Fighter on Nov 19, 2023.
             Slain by Pikel
             ... wielding a +1 whip of freezing
              (5 damage)
             ... on level 4 of the Dungeon.
             The game lasted 00:06:33 (2619 turns).

mandarbmax the Cutter (Vine Stalker Fighter)        Turns: 2619, Time: 00:06:34

Health: 0/32       AC: 10    Str: 19    XL:     6   Next: 1%
Magic:  0/16       EV:  7    Int:  8    God:
Gold:   212        SH:  5    Dex: 15    Spells: 5/5 levels left

rFire   . . .        a - +0 rapier
rCold   . . .        c - +0 buckler
rNeg    . . .        k - +0 chain mail
rPois   .            (no helmet)
rElec   .            (no cloak)
rCorr   .            j - +0 pair of gloves
SInv    .            (no boots)
Will    .....        (no amulet) Stlth
                     s - ring of magical power
HPRegen 1.05/turn    (no ring)
MPRegen 0.15/turn

%: guardian spirit
@: mighty
A: fangs 2, regeneration 1, magic shield, antimagic bite, no potion heal 2
a: no special abilities


You were on level 4 of the Dungeon.
You visited 1 branch of the dungeon, and saw 4 of its levels.

You collected 212 gold pieces.

Inventory:

Hand Weapons
 a - a +0 rapier (weapon)
Armour
 c - a +0 buckler (worn)
 j - a +0 pair of gloves (worn)
 k - a +0 chain mail (worn)
 r - a +0 scale mail of fire resistance
Jewellery
 s - a ring of magical power (left hand)
Scrolls
 e - 3 scrolls of vulnerability {unknown}
 g - a scroll of enchant armour {unknown}
 h - a scroll of amnesia {unknown}
 i - 4 scrolls of fog {unknown}
 l - 2 scrolls of identify {unknown}
 n - a scroll of fear {unknown}
 o - a scroll of enchant weapon {unknown}
 p - a scroll of revelation {unknown}
Potions
 b - 2 potions of curing {unknown}
 d - a potion of might
 f - a potion of cancellation {unknown}
 m - 4 potions of enlightenment {unknown}
 q - a potion of ambrosia {unknown}


   Skills:
 - Level 3.0 Fighting
 * Level 4.8 Short Blades
 - Level 3.0 Armour
 - Level 3.0 Shields


You had 5 spell levels left.
You didn't know any spells.
Your spell library contained the following spells:

 Spells                   Type           Power      Damage    Failure   Level
 Poisonous Vapours        Pois/Air       0%         N/A       100%        2
 Mephitic Cloud           Conj/Pois/Air  0%         N/A       100%        3
 Freezing Cloud           Conj/Ice/Air   0%         6-21      100%        5
 Malign Gateway           Summ/Tloc      0%         N/A       100%        7
 Summon Horrible Things   Summ           0%         N/A       100%        8


Dungeon Overview and Level Annotations

Branches:
Dungeon (4/15)
 Temple: D:4-7

Altars:
Makhleb
Okawaru

Shops:
D:2 (

Annotations:
D:4 Pikel


Innate Abilities, Weirdness & Mutations

You have extremely sharp teeth.
Your natural rate of healing is unusually fast.
When hurt, damage is shared between your health and your magic reserves.
Your bite disrupts and absorbs the magic of your enemies.
Potions cannot restore your health.


Message History

You are too injured to fight recklessly!
You are too injured to fight recklessly!
You are too injured to fight recklessly!
You closely miss Pikel. Your bite misses Pikel.
Pikel is heavily wounded.
Pikel hits you with a +1 whip of freezing.
Pikel freezes you.
You hit Pikel but do no damage.
Pikel is heavily wounded.
You block Pikel's attack.
You closely miss Pikel.
Pikel is heavily wounded.
Pikel hits you with a +1 whip of freezing.
Pikel freezes you.
You closely miss Pikel. Your bite misses Pikel.
Pikel is heavily wounded.
A kobold comes into view. It is wielding a +0 club.
Pikel hits you with a +1 whip of freezing.
Pikel freezes you.
* * * LOW HITPOINT WARNING * * *
You closely miss Pikel. You bite Pikel. You drain his power.
You feel invigorated.
Pikel is heavily wounded.
Pikel hits you with a +1 whip of freezing.
* * * LOW HITPOINT WARNING * * *
Pikel freezes you.
* * * LOW HITPOINT WARNING * * *
You closely miss Pikel. Your bite misses Pikel.
Pikel is heavily wounded.
You feel very mighty all of a sudden.
Pikel hits you with a +1 whip of freezing.
* * * LOW HITPOINT WARNING * * *
Pikel freezes you.
* * * LOW HITPOINT WARNING * * *
Unknown command.
You barely miss Pikel. Your bite misses Pikel.
Pikel is heavily wounded.
Pikel hits you with a +1 whip of freezing!
You die...
Pikel says, "See you in Hell!"

..........#
..........#
...5......
>........
......K5# #5#
#5# #K#
###@##########
#............#
#............#
#............#
#............#
#............#
#............#
#.............
#............#


You could see Pikel, 3 lemures and a kobold.

Vanquished Creatures
  A lemure (D:4)
  3 iron imps (D:3)
  A gnoll (D:1)
  2 adders (D:2)
  3 worms
  4 dart slugs
  13 orcs
  4 ball pythons
  6 bats
  4 endoplasms
  3 giant cockroaches
  5 goblins (D:1)
  5 hobgoblins
  2 jackals (D:2)
  9 kobolds
  5 quokkas
  8 frilled lizards
  6 rats
84 creatures vanquished.

Notes
Turn   | Place    | Note
-------+----------+-------------------------------------------
     0 | D:1      | mandarbmax the Vine Stalker Fighter began the quest for the
                  | Orb.
     0 | D:1      | Reached XP level 1. HP: 11/11 MP: 2/2
    18 | D:1      | Reached skill level 2 in Short Blades
    49 | D:1      | Reached XP level 2. HP: 16/16 MP: 3/3
   145 | D:1      | Reached XP level 3. HP: 16/19 MP: 2/4
   689 | D:2      | Reached XP level 4. HP: 23/24 MP: 3/5
   701 | D:2      | Reached skill level 3 in Short Blades
   966 | D:2      | Found Gyrr's Weapon Shop.
  1444 | D:3      | Found an iron altar of Okawaru.
  1574 | D:3      | Found a burning altar of Makhleb.
  1599 | D:3      | Reached XP level 5. HP: 26/28 MP: 4/6
  1609 | D:3      | Reached skill level 4 in Short Blades
  2526 | D:4      | Reached XP level 6. HP: 31/32 MP: 7/7
  2567 | D:4      | Noticed Pikel
  2619 | D:4      | Slain by Pikel

Illustrated notes

Levels and vault maps discovered:
D:1:      eino_arrival_druids_welcome, layout_rooms, st_stairs_5,
          columned_hall_lemuel, minmay_misc_feat_x, bh_walls_and_bars
D:2:      layout_rooms, serial_shops, nicolae_shop_bloodbath_and_beyond,
          serial_forest, infiniplex_forest_clump_long, infiniplex_forest_end_3,
          infiniplex_forest_corner_1, infiniplex_forest_straight_2,
          infiniplex_forest_clump_C, st_stairs_7, minmay_gold_behind_fungi,
          minmay_pentomino_z2
D:3:      layout_basic, demons_altar, mainiacjoe_overflow_alcove_4
D:4:      layout_basic, temple_hall, uniq_blork_the_orc, uniq_pikel

Skill      XL: |  1  2  3  4  5 |
---------------+----------------+-----
Short Blades   | 2 3 4 |  4.8
Shields        | 3 |  3.0
Fighting       | 3 |  3.0
Armour         | 3 |  3.0

Action                     |  1- 3 |  4- 6 || total
---------------------------+-------+-------++-------
  Melee: Rapier            |    84 |   389 ||   473
         Bite              |    20 |   153 ||   173
    Use: Potion            |       |     1 ||     1
 Armour: Scale mail        |    26 |       ||    26
         Chain mail        |    21 |   163 ||   184
  Dodge: Dodged            |    32 |    67 ||    99
  Block: Buckler           |    13 |    46 ||    59

Table legend: (Time is in decaauts)
 A = Elapsed time spent in this place.
 B = Non-inter-level travel time spent in this place.
 C = Inter-level travel time spent in this place.
 D = Time resting spent in this place.
 E = Time spent auto-exploring this place.
 F = Levels seen in this place.
 G = Mean time per level.
                   A        B        C        D        E       F      G
               +--------+--------+--------+--------+--------+-----+--------+
         Total |   2644 |   2569 |     75 |      0 |   1794 |   4 |  661.0 |
       Dungeon |   2644 |   2569 |     75 |      0 |   1794 |   4 |  661.0 |
               +--------+--------+--------+--------+--------+-----+--------+

Top non-repeatable levels by time:
     D:3: 795 daAuts
     D:2: 780 daAuts
     D:1: 610 daAuts
     D:4: 457 daAuts
